 Dungeon Crawl Stone Soup version 0.29.1-15-g9cfb28693d (webtiles) character file.

Game seed: 706940633061368889

308 LustLizard the Ruffian (level 6, -1/61 HPs)
             Began as a Troll Fighter on Apr 2, 2023.
             Slain by an orc
             ... wielding a +0 falchion
              (6 damage)
             ... on level 4 of the Dungeon.
             The game lasted 00:04:40 (2750 turns).

LustLizard the Ruffian (Troll Fighter)              Turns: 2750, Time: 00:04:40

Health: -1/61      AC:  4    Str: 25    XL:     6   Next: 16%
Magic:  5/5        EV:  8    Int:  6    God:
Gold:   121        SH:  7    Dex:  9    Spells: 5/5 levels left

rFire   . . .      SeeInvis .     - Unarmed
rCold   . . .      Faith    .   b - +0 kite shield
rNeg    . . .      Spirit   .   a - +0 robe
rPois   .          Reflect  .   (helmet restricted)
rElec   .          Harm     .   (no cloak)
rCorr   .          Rampage  .   (gloves unavailable)
Will    .....                   (boots unavailable)
Stlth   +.........              (no amulet)
HPRegen 1.00/turn               (no ring)
MPRegen 0.09/turn               (no ring)

@: mighty
A: large, unfitting armour, claws 3, regeneration 1, shaggy fur 1, tough skin 1
a: no special abilities


You were on level 4 of the Dungeon.
You visited 1 branch of the dungeon, and saw 4 of its levels.

You collected 121 gold pieces.

Inventory:

Missiles
 r - 3 poisoned darts (quivered)
 s - 6 atropa-tipped darts
Armour
 a - a +0 robe (worn)
 b - a +0 kite shield (worn)
Jewellery
 p - a ring of fire
Wands
 e - a wand of roots (5)
Scrolls
 d - a scroll of amnesia {unknown}
 g - 2 scrolls of immolation
 h - 2 scrolls of magic mapping {unknown}
 i - a scroll of brand weapon {unknown}
 j - 3 scrolls of identify {unknown}
 k - a scroll of enchant weapon {unknown}
 l - 2 scrolls of fog {unknown}
 n - a scroll of teleportation {unknown}
 o - a scroll of acquirement {unknown}
 u - a scroll of poison {unknown}
 v - a scroll of vulnerability {unknown}
Potions
 c - a potion of might
 f - a potion of curing {unknown}
 m - a potion of attraction {unknown}
 q - a potion of ambrosia {unknown}
 t - a potion of haste {unknown}


   Skills:
 + Level 3.5 Fighting
 - Level 2.4 Dodging
 + Level 3.9 Shields
 * Level 4.8 Unarmed Combat


You had 5 spell levels left.
You didn't know any spells.
Your spell library was empty.

Dungeon Overview and Level Annotations

Branches:
Dungeon (4/15)
 Temple: D:4-7

Altars:
Ashenzari
Cheibriados
Sif Muna


Innate Abilities, Weirdness & Mutations

You are too large for most types of armour.
You have claws for hands.
Your natural rate of healing is unusually fast.
You are covered in fur. (AC +1)
You have tough skin. (AC +1)


Message History

The orc hits you with a +0 falchion.
* * * LOW HITPOINT WARNING * * *
You closely miss the orc priest.
The orc priest is moderately wounded.
You block the orc priest's attack.
The orc priest hits you but does no damage.
The orc hits you with a +0 falchion.
* * * LOW HITPOINT WARNING * * *
Unknown command.
You barely miss the orc priest.
The orc priest is moderately wounded.
The orc priest hits you with a +0 dagger.
* * * LOW HITPOINT WARNING * * *
The orc priest hits you with a +0 club.
* * * LOW HITPOINT WARNING * * *
You block the orc's attack.
The orc priest attacks as you move away!
The orc priest hits you but does no damage.
You block the orc priest's attack.
You barely miss the orc priest.
The orc priest is moderately wounded.
The orc priest hits you with a +0 club.
* * * LOW HITPOINT WARNING * * *
You scratch the orc priest but do no damage.
The orc priest is moderately wounded.
The orc priest calls upon Beogh to heal the orc priest.
The orc priest's wounds heal themselves!
The orc priest closely misses you. The orc hits you but does no damage.
Unknown command.
You feel very mighty all of a sudden.
The orc priest hits you with a +0 dagger.
* * * LOW HITPOINT WARNING * * *
The orc priest invokes the aid of Beogh against you.
Pain shoots through your body!
* * * LOW HITPOINT WARNING * * *
The orc hits you but does no damage.
You claw the orc priest!
You kill the orc priest!
The orc priest barely misses you. The orc hits you with a +0 falchion.
You die...

............#'##.........#
...†........#..#.........#
............#..#.........#
............####.........#
####....#'####....########
...#....#....#....#
...#....'....+....#
...#....#....#....#
...#....#....#..@o#
...#†...######.o).#
...#....# #............
...#....# #............
...#....# +............
...#....# #............
...#....# #............
...#....# #............
...# .............


You could see an orc priest and an orc.

Vanquished Creatures
  A scorpion (D:3)
  4 hounds (D:4)
  An orc priest (D:4)
  Ijyb (D:3)
  2 gnolls
  3 adders
  2 orcs
  6 endoplasms
  2 giant cockroaches
  6 hobgoblins
  7 jackals
  3 kobolds
  2 quokkas
  3 ball pythons
  A bat (D:1)
  5 frilled lizards
  5 goblins
  6 rats
60 creatures vanquished.

Notes
Turn   | Place    | Note
-------+----------+-------------------------------------------
     0 | D:1      | LustLizard the Troll Fighter began the quest for the Orb.
     0 | D:1      | Reached XP level 1. HP: 22/22 MP: 0/0
    73 | D:1      | Reached XP level 2. HP: 21/29 MP: 1/1
   215 | D:1      | You fall into a shaft and drop 1 floor!
   305 | D:1      | Reached XP level 3. HP: 36/36 MP: 2/2
   396 | D:1      | Found a shimmering blue altar of Sif Muna.
   533 | D:2      | Reached skill level 3 in Unarmed Combat
   611 | D:2      | Found a faded altar of an unknown god.
  1123 | D:2      | Found a snail-covered altar of Cheibriados.
  1380 | D:3      | Noticed a scorpion
  1386 | D:3      | Killed a scorpion
  1387 | D:3      | Reached XP level 4. HP: 45/45 MP: 3/3
  1387 | D:3      | Noticed Ijyb
  1523 | D:3      | Killed Ijyb
  1524 | D:3      | Reached skill level 4 in Unarmed Combat
  1524 | D:3      | Reached XP level 5. HP: 31/53 MP: 4/4
  2033 | D:4      | Found a broken altar of Ashenzari.
  2580 | D:4      | Reached XP level 6. HP: 61/61 MP: 5/5
  2750 | D:4      | Slain by an orc

Illustrated notes

Levels and vault maps discovered:
D:1:      sevenhm_arrival_forest_fort_small_6, layout_rooms
D:2:      layout_loops_ring, ebering_ecumenical_altar_box, basic_altar
D:3:      layout_basic, kennysheep_generic_room_5, uniq_ijyb
D:4:      layout_gridville, nicolae_ashenzari_skybound

Skill      XL: |  1  2  3  4 |
---------------+-------------+-----
Shields        | 3 |  3.9
Unarmed Combat | 3 4 |  4.8
Fighting       | 3 |  3.5
Dodging        | |  2.4

Action                   |  1- 3 |  4- 6 || total
-------------------------+-------+-------++-------
Melee: Unarmed           |    86 |    88 ||   174
Throw: Dart              |     2 |     1 ||     3
  Use: Scroll            |       |     1 ||     1
       Potion            |       |     1 ||     1
Armor: Robe              |    19 |    32 ||    51
Dodge: Dodged            |    24 |    39 ||    63
Block: Kite shield       |    25 |    42 ||    67
